 Dungeon Crawl Stone Soup version 0.23.2-1-ga50397a (webtiles) character file.

Game seed: 10883104829374184181

50 kae the Changer (level 3, 0/27 HPs)
             Began as a Demigod Transmuter on May 15, 2019.
             Slain by Natasha (4 damage)
             ... on level 2 of the Dungeon.
             The game lasted 00:01:56 (1716 turns).

kae the Changer (Demigod Transmuter)                Turns: 1716, Time: 00:01:57

Health: 0/27       AC:  2    Str: 13    XL:     3   Next: 35%
Magic:  8/8        EV: 16    Int: 17    God:
Gold:   32         SH:  0    Dex: 18    Spells: 2/5 levels left

rFire    . . .     SeeInvis .     - Unarmed
rCold    . . .     Gourm    .   (no shield)
rNeg     . . .     Faith    .   b - +0 robe
rPois    .         Spirit   .   (no helmet)
rElec    .         Reflect  .   (no cloak)
rCorr    .         Harm     .   (no gloves)
MR       .....                  (no boots)
Stlth    +.........             (no amulet)
HPRegen  0.09/turn              c - +4 ring of evasion
MPRegen  0.11/turn              (no ring)

@: confused
A: high mp 1
a: no special abilities


You were on level 2 of the Dungeon.
You were very hungry.

You visited 1 branch of the dungeon, and saw 3 of its levels.

You collected 32 gold pieces.

Inventory:

Missiles
 a - 8 arrows
Armour
 b - a +0 robe (worn)
Jewellery
 c - a +4 ring of evasion (left hand)
Scrolls
 g - a scroll of identify
Potions
 f - a potion of ambrosia
 m - a potion of brilliance
 n - a potion of haste
Comestibles
 d - 4 rations


   Skills:
 - Level 0.8 Fighting
 - Level 1.7 Dodging
 - Level 2.6 Unarmed Combat
 - Level 1.7 Spellcasting
 + Level 3.6 Transmutations


You had 2 spell levels left.
You knew the following spells:

 Your Spells              Type           Power        Failure   Level  Hunger
a - Beastly Appendage     Tmut           ##....       4%          1    #......
b - Sticks to Snakes      Tmut           ##......     7%          2    ###....

Your spell library contained the following spells:

 Spells                   Type           Power        Failure   Level  Hunger
 Spider Form              Tmut/Pois      #.........   28%         3    ###....
 Ice Form                 Ice/Tmut       #.......     67%         4    #####..
 Blade Hands              Tmut           ##........   77%         5    ######.


Dungeon Overview and Level Annotations

Branches:
Dungeon (3/15)

Annotations:
D:2 Natasha


Innate Abilities, Weirdness & Mutations

You have an increased reservoir of magic. (+10% MP)


Message History

You climb upwards.
There is a stone staircase leading down here.
Unknown command.
You closely miss Natasha.
Natasha is heavily wounded.
Natasha closely misses you.
You closely miss Natasha.
Natasha is heavily wounded.
Natasha claws you.
* * * LOW HITPOINT WARNING * * *
You hit Natasha.
Natasha is heavily wounded.
Natasha barely misses you.
You barely miss Natasha.
Natasha is heavily wounded.
Natasha claws you.
* * * LOW HITPOINT WARNING * * *
You are confused.
You feel invigorated. Natasha claws you.
You die...

#......≈≈≈.........#
#.≈..≈≈≈≈..........#
###≈≈≈≈≈≈....#########
#≈≈≈#####.##......######
##### #..######.......
##.# #.........
#########.####.##......
#.................###..
#.....@h.....###### #..
#....####....##### ##.<
###### #...#.....###...
#.#.#####.......
##.#.#####.......
#..#.#.......##..
##.##...#..#......
##.....###)###..##.
##....#..#.†# #.####


You could see Natasha.

Vanquished Creatures
  An adder (D:2)
  2 dart slugs (D:2)
  3 leopard geckos
  2 bats (D:1)
  3 giant cockroaches
  3 hobgoblins
  8 kobolds
  A frilled lizard (D:1)
  5 goblins (D:1)
  7 rats
35 creatures vanquished.

Vanquished Creatures (collateral kills)
  A goblin (D:2)
  A kobold (D:2)
2 creatures vanquished.

Grand Total: 37 creatures vanquished

Notes
Turn   | Place    | Note
-------+----------+-------------------------------------------
     0 | D:1      | kae the Demigod Transmuter began the quest for the Orb.
     0 | D:1      | Reached XP level 1. HP: 15/15 MP: 5/5
    20 | D:1      | Reached skill level 2 in Transmutations
   184 | D:1      | Reached XP level 2. HP: 10/22 MP: 7/7
   551 | D:1      | Reached skill level 3 in Transmutations
   866 | D:1      | Learned a level 2 spell: Sticks to Snakes
   943 | D:2      | Reached XP level 3. HP: 23/27 MP: 4/8
  1658 | D:3      | Noticed Natasha
  1715 | D:2      | HP: 1/27 [Natasha (3)]
  1716 | D:2      | Slain by Natasha

Skill      XL: |  1  2 |
---------------+-------+-----
Transmutations | 2 3 |  3.6
Fighting       | |  0.8
Dodging        | |  1.7
Unarmed Combat | |  2.6
Spellcasting   | |  1.7

Action                   || total
-------------------------++-------
Melee: Unarmed           ||   108
       Kick              ||    14
       Headbutt          ||     3
       Punch             ||     1
 Cast: Beastly Appendage ||    16
       Sticks to Snakes  ||     4
  Use: Scroll            ||     6
       Potion            ||     3
 Stab: Sleeping          ||     1
  Eat: Chunk             ||     2
Armor: Robe              ||    20
Dodge: Dodged            ||    85
